 Dungeon Crawl Stone Soup version 0.23-a0-422-g30b1108 (webtiles) character file.

6185 lemonriz the Grappler (level 10, -10/100 HPs)
             Began as a Troll Berserker on Nov 14, 2018.
             Was a High Priest of Trog.
             Mangled by a troll (11 damage)
             ... on level 9 of the Dungeon on Nov 15, 2018.
             The game lasted 00:14:21 (7581 turns).

lemonriz the Grappler (Troll Berserker)             Turns: 7581, Time: 00:14:22

Health: -10/100    AC:  6    Str: 29    XL:     10   Next: 60%
Magic:  9/9        EV: 12    Int:  3    God:    Trog [*****.]
Gold:   428        SH:  0    Dex: 10    Spells: 9/9 levels left

rFire    . . .     SeeInvis .     - Unarmed
rCold    . . .     Gourm    +   (no shield)
rNeg     . . .     Faith    .   a - +1 animal skin
rPois    .         Spirit   .   (helmet restricted)
rElec    .         Reflect  .   r - scarf {cloud immunity}
rCorr    +         Harm     .   (gloves unavailable)
MR       +....                  (boots unavailable)
Stlth    +.........             (no amulet)
HPRegen  0.66/turn              i - ring of protection from magic
MPRegen  0.11/turn              q - ring of resist corrosion

@: berserk cooldown, studying Long Blades
A: large, unfitting armour, claws 3, fast metabolism 3, gourmand, regeneration
1, shaggy fur 1, tough skin 2
a: Berserk, Trog's Hand, Brothers in Arms, Renounce Religion


You were on level 9 of the Dungeon.
You worshipped Trog.
Trog was extremely pleased with you.
You were completely stuffed.

You visited 1 branch of the dungeon, and saw 9 of its levels.
You also visited: Sewer.

You collected 428 gold pieces.

Inventory:

Missiles
 e - 13 javelins
 w - 5 javelins of returning (quivered)
 y - 10 tomahawks
Armour
 a - a +1 animal skin (worn)
 r - a scarf of cloud immunity (worn)
 x - a +0 cloak
Jewellery
 i - a ring of protection from magic (left claw)
 m - an uncursed ring of stealth
 q - a ring of resist corrosion (right claw)
 B - an uncursed ring of wizardry
Wands
 z - a wand of clouds (6)
 C - a wand of paralysis (8)
Scrolls
 c - a scroll of fog
 d - a scroll of magic mapping
 j - 5 scrolls of remove curse
 n - 8 scrolls of teleportation
 v - a scroll of enchant armour
 A - a scroll of enchant weapon
 D - a scroll of identify
Potions
 f - a potion of ambrosia
 g - a potion of haste
 h - 6 potions of flight
 k - 6 potions of agility
 l - 3 potions of cancellation
 o - 6 potions of brilliance
 s - 2 potions of heal wounds
 t - 2 potions of might
 u - 5 potions of curing
 E - a potion of magic
 F - 2 potions of mutation
Books
 p - a manual of Long Blades
Comestibles
 b - 22 rations
 G - 10 chunks of flesh


   Skills:
 + Level 6.8 Fighting
 + Level 5.9 Throwing
 + Level 6.8 Dodging
 * Level 10.5 Unarmed Combat


You had 9 spell levels left.
You didn't know any spells.
Your spell library was empty.

Dungeon Overview and Level Annotations

Branches:
Dungeon (9/15)             Temple (0/1) D:5             Orc (0/2) D:9
   Lair: D:8-11

Altars:
Elyvilon
Fedhas
Makhleb
Okawaru
Qazlal
Ru
Xom
Yredelemnul
The Shining One

Shops:
D:4 [   D:5 :   D:9 =


Innate Abilities, Weirdness & Mutations

You are too large for most types of armour.
You have claws for hands.
Your metabolism is lightning-fast.
You like to eat raw meat.
Your natural rate of healing is unusually fast.
You are covered in fur. (AC +1)
You have very tough skin. (AC +2)


Message History

The troll barely misses you. x2; The troll closely misses you.
You claw the troll!
The troll is severely wounded.
The troll bites you! The troll claws you.
* * * LOW HITPOINT WARNING * * *
The troll completely misses you.
You scratch the troll.
The troll is severely wounded.
The troll completely misses you. The troll claws you!
* * * LOW HITPOINT WARNING * * *
The troll claws you.
* * * LOW HITPOINT WARNING * * *
You barely miss the troll.
The troll is severely wounded.
You closely miss the troll.
The troll is severely wounded.
The troll bites you!
* * * LOW HITPOINT WARNING * * *
The troll claws you!
You die...

... .......≈≈≈≈. ..##.#
#.....≈≈≈≈ #.##.#
#....≈≈≈≈. ..##.#
##..≈≈≈≈≈≈
#.##.######..≈≈≈≈≈≈ #
###.##.........≈≈..≈≈
#.#.............≈..≈(≈≈
∩##.....##....†........≈≈
.(.....)@T..#############
.##..##.###.# # 8.. ...#
#÷#### # . #...# #....# #
#...# #(...# # #..(#
#<...# ##### #####
#.#########....
##########).............
#.......###.............


You could see a troll.

Vanquished Creatures
  Erolcha (D:9)
  4 gargoyles (D:7)
  2 hippogriffs (D:7)
  A water moccasin (D:9)
  Duvessa (D:5)
  An orc warrior (D:6)
  3 ice beasts
  A sky beast (D:8)
  Purgy (D:3)
  A phantom (D:9)
  3 wolves (D:9)
  5 ogres
  3 centaurs
  A big kobold (Sewer)
  Blork the orc (D:6)
  A gnoll sergeant (D:4)
  3 bullfrogs
  Dowan (D:5)
  2 scorpions
  8 howler monkeys
  5 crimson imps
  A bullfrog zombie (D:7)
  3 jellies
  A centaur skeleton (D:7)
  A gnoll shaman (D:6)
  2 orc priests (D:6)
  6 hounds
  5 iguanas
  6 orc wizards
  Terence (D:3)
  A worker ant (D:8)
  A hound zombie (D:7)
  A hound skeleton (D:6)
  A worker ant zombie (D:7)
  8 gnolls
  15 adders
  2 river rats (Sewer)
  2 oozes
  2 adder skeletons (D:7)
  An adder zombie (D:7)
  A worm (D:3)
  2 dart slugs (D:1)
  9 leopard geckos
  19 orcs
  10 bats
  4 giant cockroaches
  5 goblins
  6 hobgoblins
  8 jackals
  19 kobolds
  3 ball pythons (Sewer)
  8 frilled lizards
  A jackal skeleton (D:4)
  A leopard gecko skeleton (D:7)
  A quokka skeleton (D:4)
  32 rats
238 creatures vanquished.

Vanquished Creatures (collateral kills)
  A worm (D:6)
1 creature vanquished.

Vanquished Creatures (others)
  An orc (D:6)
1 creature vanquished.

Grand Total: 240 creatures vanquished

Notes
Turn   | Place    | Note
-------+----------+-------------------------------------------
     0 | D:1      | lemonriz the Troll Berserker began the quest for the Orb.
     0 | D:1      | Reached XP level 1. HP: 22/22 MP: 0/0
   158 | D:1      | Reached XP level 2. HP: 29/29 MP: 1/1
   923 | D:2      | Reached XP level 3. HP: 35/36 MP: 2/2
  1057 | D:2      | Reached ** piety under Trog
  1177 | D:2      | Found a burning altar of Makhleb.
  1772 | D:3      | Reached XP level 4. HP: 45/45 MP: 3/3
  1958 | D:3      | Reached skill level 4 in Unarmed Combat
  1965 | D:3      | Reached XP level 5. HP: 19/53 MP: 4/4
  2083 | D:3      | Noticed Terence
  2091 | D:3      | Killed Terence
  2102 | D:3      | Noticed Purgy
  2112 | D:3      | Killed Purgy
  2166 | D:3      | Reached XP level 6. HP: 58/62 MP: 5/5
  2535 | D:4      | Found a blossoming altar of Fedhas.
  2540 | D:4      | Found a stormy altar of Qazlal.
  2543 | D:4      | Found a glowing drain.
  2558 | D:4      | Reached *** piety under Trog
  2579 | Sewer    | Entered a sewer
  2970 | Sewer    | Reached skill level 5 in Unarmed Combat
  3205 | D:4      | Noticed an ice beast
  3213 | D:4      | Killed an ice beast
  3213 | D:4      | Reached **** piety under Trog
  3213 | D:4      | Reached skill level 1 in Throwing
  3213 | D:4      | Reached XP level 7. HP: 60/70 MP: 6/6
  3345 | D:4      | Found Hihisaokli's Armour Shop.
  3764 | D:5      | Entered Level 5 of the Dungeon
  3879 | D:5      | Reached skill level 6 in Unarmed Combat
  4049 | D:5      | Found Goux's Book Shoppe.
  4063 | D:5      | Noticed Dowan
  4065 | D:5      | Noticed Duvessa
  4076 | D:5      | Killed Duvessa
  4079 | D:5      | Killed Dowan
  4079 | D:5      | Reached XP level 8. HP: 79/79 MP: 7/7
  4286 | D:5      | Found a staircase to the Ecumenical Temple.
  4444 | D:5      | Found a shimmering altar of Xom.
  4624 | D:6      | Reached skill level 5 in Fighting
  4624 | D:6      | Reached skill level 7 in Unarmed Combat
  4629 | D:6      | Reached skill level 5 in Dodging
  4923 | D:6      | Found an iron altar of Okawaru.
  5081 | D:6      | Reached XP level 9. HP: 34/88 MP: 8/8
  5084 | D:6      | Received a gift from Trog
  5267 | D:6      | Found a white marble altar of Elyvilon.
  5319 | D:6      | Noticed Blork the orc
  5328 | D:6      | Killed Blork the orc
  5328 | D:6      | Reached skill level 8 in Unarmed Combat
  5400 | D:6      | Found a basalt altar of Yredelemnul.
  5744 | D:7      | Found an iron altar of Okawaru.
  5857 | D:7      | Found a sacrificial altar of Ru.
  5934 | D:7      | Noticed a gargoyle
  5943 | D:7      | Killed a gargoyle
  6030 | D:7      | Noticed a gargoyle
  6039 | D:7      | Killed a gargoyle
  6039 | D:7      | Reached skill level 9 in Unarmed Combat
  6046 | D:7      | Noticed a gargoyle
  6050 | D:7      | Killed a gargoyle
  6123 | D:7      | Noticed a gargoyle
  6129 | D:7      | Killed a gargoyle
  6129 | D:7      | Reached skill level 5 in Throwing
  6199 | D:7      | Reached ***** piety under Trog
  6199 | D:7      | Reached XP level 10. HP: 98/98 MP: 9/9
  6730 | D:8      | Found a glowing golden altar of the Shining One.
  7196 | D:9      | Found a staircase to the Orcish Mines.
  7321 | D:9      | Reached skill level 10 in Unarmed Combat
  7540 | D:9      | Noticed Erolcha
  7548 | D:9      | Killed Erolcha
  7548 | D:9      | Received a gift from Trog
  7549 | D:9      | Found Worejeg's Jewellery Emporium.
  7581 | D:9      | HP: 1/100 [troll (13)]
  7581 | D:9      | Mangled by a troll

Vault maps used:
D:1:      ncdulo_smallfort, serial_rivers, chequers_serial_rivers_micro_e,
          chequers_serial_rivers_small_a, chequers_serial_rivers_large_b,
          chequers_serial_rivers_small_b
D:2:      kennysheep_six_static_rooms, old_standard_altar
D:3:      uniq_terence, uniq_purgy
D:4:      grunt_temple_overflow_forces_of_nature, first_ration, serial_shops,
          nicolae_shop_crystal, portal_sewer_entry_f, lightli_minifort
D:5:      kennysheep_mini, minmay_temple_entry_from_below_b, serial_shops, shop,
          uniq_duvessa
D:6:      kennysheep_ying_yang, chequers_serial_rivers_micro_a,
          okawaru_metal_pillars_1_2, uniq_blork_the_orc
D:7:      cheibrodos_statue_roulette, lemuel_crystal_altar,
          kennysheep_little_box, grunt_ogre_cave
D:8:      tso_oasis_becter, st_stairs_6, minmay_manual_monolith
D:9:      erik_lair_island, orc_0_dummy, basic_altar, serial_shops, shop_statue,
          uniq_erolcha, uniq_maurice
Sewer:    sewer_minmay_treatment

Skill      XL: |  1  2  3  4  5  6  7  8  9 10 |
---------------+-------------------------------+-----
Fighting       | 3 4 5 6 |  6.8
Dodging        | 3 4 5 6 |  6.8
Unarmed Combat | 4 5 6 7 9 10 | 10.5
Throwing       | 1 2 3 5 |  5.9

Action                   |  1- 3 |  4- 6 |  7- 9 | 10-12 || total
-------------------------+-------+-------+-------+-------++-------
Melee: Unarmed           |   163 |   171 |   255 |   119 ||   708
       Punch             |     2 |     3 |     4 |     5 ||    14
Throw: Javelin           |     1 |       |       |    15 ||    16
Invok: Berserk           |       |     3 |     4 |     2 ||     9
       Trog's Hand       |       |       |     1 |       ||     1
       Brothers in Arms  |       |       |     1 |       ||     1
  Use: Scroll            |     6 |     5 |     9 |     5 ||    25
 Stab: Sleeping          |     5 |       |       |       ||     5
  Eat: Chunk             |    22 |    16 |    30 |    17 ||    85
Armor: Animal skin       |    77 |    75 |    71 |    36 ||   259
Dodge: Dodged            |    84 |   105 |   131 |    78 ||   398

Table legend:
 A = Non-vault XP
 B = Vault XP
 C = Vault XP percentage of total XP
 D = Non-vault monster count
 E = Vault monster count
 F = Vault count percentage of total count
                 A         B        C        D         E       F
            +---------+---------+-------+---------+---------+-------
      Total |    4439 |    4398 |  49.8 |     154 |      85 |  35.6
            +---------+---------+-------+---------+---------+-------
        D:1 |      26 |       0 |   0.0 |      12 |       0 |   0.0
        D:2 |      56 |       8 |  12.5 |      24 |       6 |  20.0
        D:3 |     140 |     164 |  53.9 |      16 |       2 |  11.1
        D:4 |     394 |     144 |  26.8 |      16 |       9 |  36.0
        D:5 |     143 |     225 |  61.1 |      12 |       2 |  14.3
        D:6 |    1370 |      91 |   6.2 |      32 |       1 |   3.0
        D:7 |     885 |    1836 |  67.5 |      22 |       5 |  18.5
        D:8 |     779 |     270 |  25.7 |      11 |       6 |  35.3
        D:9 |     646 |    1432 |  68.9 |       9 |       6 |  40.0
      Sewer |       0 |     228 | 100.0 |       0 |      48 | 100.0
            +---------+---------+-------+---------+---------+-------
